 Dungeon Crawl Stone Soup version 0.22.1-1-ga44c0e5 (webtiles) character file.

13604 Lilu the Destroyer (level 11, -8/68 HPs)
             Began as a Deep Elf Conjurer on Nov 11, 2018.
             Was an Elder of Vehumet.
             Killed from afar by a wizard (34 damage)
             ... with a bolt of cold
             ... on level 13 of the Dungeon.
             The game lasted 01:19:27 (17467 turns).

Lilu the Destroyer (Deep Elf Conjurer)             Turns: 17467, Time: 01:19:28

Health: -8/68      AC:  5    Str:  5    XL:     11   Next: 77%
Magic:  8/25       EV: 32    Int: 24    God:    Vehumet [****..]
Gold:   1017       SH:  0    Dex: 15    Spells: 17/26 levels left

rFire    . . .     SeeInvis .   T - staff of death
rCold    . . .     Gourm    .   (no shield)
rNeg     + . .     Faith    .   F - +0 troll leather armour
rPois    .         Spirit   .   y - +0 helmet
rElec    .         Reflect  .   (no cloak)
rCorr    .         Harm     .   (no gloves)
MR       +....                  (no boots)
Stlth    ++++......             u - amulet of the acrobat
HPRegen  0.61/turn              R - ring of stealth
MPRegen  0.19/turn              P - ring of stealth

@: no status effects
A: no striking features
a: Renounce Religion


You were on level 13 of the Dungeon.
You worshipped Vehumet.
Vehumet was greatly pleased with you.
You were hungry.

You visited 2 branches of the dungeon, and saw 14 of its levels.

You collected 1017 gold pieces.

Inventory:

Hand Weapons
 j - a +0 shortbow
 x - a +0 spear of venom
 A - the +4 war axe of Moderation {pain, +Inv rPois Str+5 Int-3}
   (You found it on level 8 of the Dungeon)

   In the hands of one skilled in necromantic magic, it inflicts extra damage on
   living creatures.
   It affects your strength (+5).
   It affects your intelligence (-3).
   It protects you from poison.
   It lets you turn invisible.
 M - a +0 blowgun
Missiles
 g - 8 curare-tipped needles
 o - 319 arrows
Armour
 y - a +0 helmet (worn)
 F - a +0 troll leather armour (worn)
 J - a +2 leather armour of poison resistance
Magical Staves
 w - an uncursed staff of air
 K - an uncursed staff of power
 T - an uncursed staff of death (weapon)
Jewellery
 u - an amulet of the acrobat (around neck)
 v - an uncursed ring of resist corrosion
 D - an uncursed ring of flight
 P - a ring of stealth (right hand)
 R - a ring of stealth (left hand)
Wands
 G - a wand of flame (63)
 I - a wand of iceblast (21)
 S - a wand of random effects (47)
Scrolls
 a - a scroll of torment {unknown}
 b - 2 scrolls of enchant armour {unknown}
 d - 2 scrolls of blinking {unknown}
 e - 9 scrolls of remove curse
 f - 3 scrolls of identify
 h - 4 scrolls of amnesia
 i - 3 scrolls of enchant weapon {unknown}
 k - 2 scrolls of noise {unknown}
 l - a scroll of fear {unknown}
 n - 3 scrolls of teleportation {unknown}
 q - a scroll of immolation {unknown}
 E - a scroll of silence {unknown}
 N - a scroll of magic mapping {unknown}
Potions
 m - a potion of agility {unknown}
 p - 3 potions of berserk rage
 r - a potion of cancellation {unknown}
 s - 5 potions of lignification
 t - 4 potions of curing
 z - a potion of magic {unknown}
 B - 2 potions of degeneration {unknown}
 C - a potion of brilliance {unknown}
 H - 2 potions of ambrosia {unknown}
 L - a potion of flight {unknown}
 O - a potion of haste {unknown}
 Q - a potion of heal wounds {unknown}
Comestibles
 c - 19 rations
 U - 2 chunks of flesh


   Skills:
 - Level 8.0 Fighting
 + Level 9.6 Dodging
 - Level 3.3 Stealth
 - Level 8.0 Spellcasting
 + Level 12.9 Conjurations
 - Level 8.2 Hexes
 + Level 3.6 Necromancy


You had 17 spell levels left.
You knew the following spells:

 Your Spells              Type           Power        Failure   Level  Hunger
a - Magic Dart            Conj           ####         1%          1    None
b - Searing Ray           Conj           ######       1%          2    None
c - Shock                 Conj/Air       ####         1%          1    None
d - Fulminant Prism       Conj/Hex       ######....   1%          4    ##.....
e - Animate Skeleton      Necr           N/A          2%          1    None

Your spell library contained the following spells:

 Spells                   Type           Power        Failure   Level  Hunger
 Sticky Flame             Conj/Fire      #####...     2%          4    ##.....
 Confusing Touch          Hex            #####.       1%          1    None
 Flame Tongue             Conj/Fire      #####        1%          1    None
 Throw Flame              Conj/Fire      #####.       1%          2    None
 Conjure Flame            Conj/Fire      #####...     1%          3    None
 Dazzling Spray           Conj/Hex       ######       1%          3    None
 Inner Flame              Hex/Fire       ####....     1%          3    None
 Iskenderun's Mystic Bla  Conj           ######..     1%          4    ##.....
 Force Lance              Conj/Tloc      #####...     2%          4    ##.....
 Fireball                 Conj/Fire      #####.....   6%          5    #####..
 Apportation              Tloc           #.....       11%         1    None
 Summon Small Mammal      Summ           #...         11%         1    None


Dungeon Overview and Level Annotations

Branches:
Dungeon (13/15)            Temple (1/1) D:4            Lair (0/6) D:10
    Orc (0/2) D:9
 Vaults: D:13-14

Altars:
Ashenzari
Cheibriados
Dithmenos
Elyvilon
Fedhas
Gozag
Hepliaklqana
Kikubaaqudgha
Makhleb
Nemelex Xobeh
Okawaru
Qazlal
Ru
Sif Muna
Trog
Uskayaw
Vehumet
Wu Jian
Xom
Yredelemnul
Zin
The Shining One

Shops:
D:4 *   D:6 =


Message History

Okay, then.
You feel better.
Casting: Fulminant Prism (safe; 1% risk of failure)
Confirm with . or Enter, or press ? or * to list all spells.
Aiming: Searing Ray (safe; 1% risk of failure)
Press: ? - help, Shift-Dir - straight line, f - wizard
Aim: a wizard, wielding a dagger and wearing a robe (heavily wounded, fast)
The searing ray hits the wizard.
The wizard is heavily wounded. (Press . to maintain the ray.)
The wizard hits you but does no damage. The wizard misses you.
The searing ray hits the wizard.
The wizard is heavily wounded.
The wizard completely misses you.
The searing ray hits the wizard.
The wizard is severely wounded.
The wizard gestures at you while chanting.
The bolt of cold hits you!
Ouch! That really hurt!
You die...

....
###.p.............#...
'##
####...(.............#...
#.....###..######........
#..cc###..## ##.<#....
#....Z.p..# #Z###...
#..c.....c# #Z# #...
#..######c## ##Z# ##..
#.# ##pc# ####.## ##. #c.
#####@.####Z.Z.# ## #..
#......##.Z##########. ..
#.....##.Z## #.......
##...###.Z# #...####
##..# #..# #..##
#..####.## #..# ##..#
##.####..# #.Z##
##......# ##..##
##.....###


You could see 2 centaur warriors, a wizard and a centaur.

Vanquished Creatures
  2 two-headed ogres (D:13)
  Sonja (D:11)
  A wizard (D:13)
  A deep elf mage (D:13)
  A cyclops (D:11)
  2 ugly things (D:11)
  3 gargoyles
  A komodo dragon (D:10)
  A hornet (D:12)
  2 hippogriffs
  A spriggan (D:11)
  2 wyverns
  A hungry ghost (D:11)
  Menkaure (D:7)
  An acid dragon (D:12)
  A water moccasin (D:7)
  10 orc warriors
  A black bear (D:9)
  4 sky beasts
  4 ice beasts
  3 phantoms
  4 ogres
  12 centaurs
  4 big kobolds
  8 bullfrogs
  A wyvern zombie (D:12)
  2 scorpions (D:8)
  16 killer bees
  3 wights (D:8)
  4 howler monkeys
  3 crimson imps
  A jelly (D:10)
  2 bullfrog zombies
  A quasit (D:11)
  8 orc priests
  A gnoll shaman (D:5)
  4 hounds
  4 bullfrog skeletons
  9 iguanas
  10 orc wizards
  4 worker ants
  A hound skeleton (D:6)
  A howler monkey zombie (D:5)
  A worker ant zombie (D:7)
  15 gnolls
  9 adders
  2 shadow imps (D:5)
  4 oozes
  An adder zombie (D:5)
  2 adder skeletons
  3 worms (D:3)
  3 dart slugs
  5 leopard geckos
  53 orcs
  3 ball pythons
  9 giant cockroaches
  10 hobgoblins
  8 jackals
  3 quokkas
  9 bats
  4 frilled lizards
  8 goblins
  33 kobolds
  A leopard gecko skeleton (D:4)
  A quokka skeleton (D:4)
  11 rats
345 creatures vanquished.

Vanquished Creatures (collateral kills)
  A hungry ghost (D:13)
1 creature vanquished.

Vanquished Creatures (others)
  A quokka (D:6)
  74 fulminant prisms
  3 plants (D:10)
78 creatures vanquished.

Grand Total: 424 creatures vanquished

Notes
Turn   | Place    | Note
-------+----------+-------------------------------------------
     0 | D:1      | Lilu the Deep Elf Conjurer began the quest for the Orb.
     0 | D:1      | Reached XP level 1. HP: 10/10 MP: 6/6
   299 | D:1      | Reached XP level 2. HP: 15/15 MP: 5/8
   555 | D:1      | Learned a level 2 spell: Searing Ray
   666 | D:1      | Reached skill level 5 in Conjurations
   754 | D:1      | Reached XP level 3. HP: 20/20 MP: 5/9
  1795 | D:2      | Found an ornate altar of the Wu Jian Council.
  2105 | D:2      | Found an iron altar of Okawaru.
  2112 | D:2      | Reached skill level 1 in Fighting
  2112 | D:2      | Reached XP level 4. HP: 10/25 MP: 5/11
  2373 | D:2      | Found a shattered altar of Ashenzari.
  2769 | D:3      | Reached XP level 5. HP: 29/29 MP: 8/12
  3042 | D:3      | Found a shadowy altar of Dithmenos.
  3090 | D:3      | Noticed a centaur
  3150 | D:3      | Reached skill level 6 in Conjurations
  3477 | D:3      | Killed a centaur
  3477 | D:3      | Reached XP level 6. HP: 34/35 MP: 5/14
  4355 | D:4      | Found a staircase to the Ecumenical Temple.
  4371 | Temple   | Entered the Ecumenical Temple
  4619 | D:4      | Reached skill level 5 in Spellcasting
  4750 | D:4      | Noticed a sky beast
  4825 | D:4      | Reached skill level 7 in Conjurations
  4825 | D:4      | Reached XP level 7. HP: 36/40 MP: 8/16
  5041 | D:4      | Found Onisch's Assorted Antiques.
  5045 | D:4      | Reached skill level 5 in Dodging
  5466 | D:5      | Entered Level 5 of the Dungeon
  5958 | D:5      | Reached XP level 8. HP: 46/46 MP: 12/19
  6018 | D:5      | Reached skill level 8 in Conjurations
  6877 | D:6      | Found a white marble altar of Elyvilon.
  7019 | D:6      | Found a bloodstained altar of Trog.
  7031 | D:6      | Found Siececesk's Jewellery Shoppe.
  7865 | D:7      | Noticed Menkaure
  7870 | D:7      | Killed Menkaure
  7870 | D:7      | Reached skill level 9 in Conjurations
  8120 | D:7      | Found a stormy altar of Qazlal.
  8361 | D:7      | Noticed a gargoyle
  8370 | D:7      | Found a glowing golden altar of the Shining One.
  8641 | D:7      | Killed a gargoyle
  8641 | D:7      | Reached XP level 9. HP: 52/52 MP: 11/22
  8730 | D:7      | Found a hide-covered altar of Uskayaw.
  9258 | D:7      | Found a radiant altar of Vehumet.
  9266 | D:7      | Became a worshipper of Vehumet
  9677 | D:7      | Reached skill level 10 in Conjurations
  9836 | D:7      | Reached * piety under Vehumet
  9836 | D:7      | Offered knowledge of Shock by Vehumet.
 10574 | D:8      | Learned a level 1 spell: Shock
 10579 | D:8      | Learned a level 4 spell: Fulminant Prism
 10655 | D:8      | Reached skill level 1 in Hexes
 10765 | D:8      | Reached skill level 5 in Fighting
 10778 | D:8      | Got an encrusted war axe
 10779 | D:8      | Identified the +4 war axe of Moderation {pain, +Inv rPois
                  | Str+5 Int-3} (You found it on level 8 of the Dungeon)
 11195 | D:8      | Noticed a two-headed ogre
 11220 | D:8      | Offered knowledge of Sandblast by Vehumet.
 11267 | D:8      | Reached skill level 11 in Conjurations
 11367 | D:8      | Reached ** piety under Vehumet
 11367 | D:8      | Reached XP level 10. HP: 59/59 MP: 19/24
 11781 | D:9      | Found a deep blue altar of Sif Muna.
 11860 | D:9      | Found a glowing silver altar of Zin.
 12389 | D:9      | Offered knowledge of Ignite Poison by Vehumet.
 12802 | D:9      | Found a staircase to the Orcish Mines.
 13021 | D:9      | Reached *** piety under Vehumet
 13065 | D:9      | Reached skill level 12 in Conjurations
 13217 | D:10     | Entered Level 10 of the Dungeon
 13228 | D:10     | Noticed a gargoyle
 13243 | D:10     | Killed a gargoyle
 13469 | D:10     | Offered knowledge of Airstrike by Vehumet.
 13862 | D:10     | Found a staircase to the Lair.
 13866 | D:10     | Noticed a gargoyle
 13887 | D:10     | Killed a gargoyle
 14368 | D:11     | Noticed a green ugly thing
 14387 | D:11     | Killed a green ugly thing
 14626 | D:11     | Noticed a cyan ugly thing
 14640 | D:11     | Killed a cyan ugly thing
 14640 | D:11     | Reached skill level 5 in Hexes
 14640 | D:11     | Reached XP level 11. HP: 68/68 MP: 25/25
 14835 | D:11     | Noticed Sonja
 14838 | D:11     | Killed Sonja
 15816 | D:12     | Reached **** piety under Vehumet
 16031 | D:12     | Offered knowledge of Sticky Flame by Vehumet.
 16543 | D:12     | Learned a level 1 spell: Animate Skeleton
 16880 | D:13     | Noticed a two-headed ogre
 16900 | D:13     | Noticed a centaur warrior
 16900 | D:13     | Killed a two-headed ogre
 16900 | D:13     | Reached skill level 1 in Necromancy
 17095 | D:13     | Noticed a wizard
 17107 | D:13     | Killed a wizard
 17425 | D:13     | Noticed a two-headed ogre
 17435 | D:13     | Noticed a deep elf mage
 17436 | D:13     | Noticed a wizard
 17438 | D:13     | Killed a deep elf mage
 17438 | D:13     | Killed a two-headed ogre
 17455 | D:13     | Noticed a centaur warrior
 17467 | D:13     | Killed from afar by a wizard

Skill      XL: |  1  2  3  4  5  6  7  8  9 10 11 |
---------------+----------------------------------+-----
Conjurations   | 5 6 7 9 11 12 | 12.9
Dodging        | 3 4 5 6 8 9 |  9.6
Fighting       | 1 2 3 4 5 7 8 |  8.0
Spellcasting   | 4 5 6 7 8 |  8.0
Hexes          | 2 5 8 |  8.2
Stealth        | 3 |  3.3
Necromancy     | 3 |  3.6

Action                   |  1- 3 |  4- 6 |  7- 9 | 10-12 || total
-------------------------+-------+-------+-------+-------++-------
Melee: Whip              |       |    20 |       |       ||    20
       Spear             |       |       |     4 |       ||     4
       Staff             |       |       |     2 |     1 ||     3
       War axe           |       |       |     5 |    62 ||    67
 Fire: Shortbow          |       |    27 |    67 |       ||    94
Throw: Stone             |       |     1 |       |       ||     1
 Cast: Magic Dart        |    84 |   106 |    86 |    58 ||   334
       Searing Ray       |     1 |    13 |    70 |    56 ||   140
       Fulminant Prism   |       |       |     4 |    70 ||    74
       Animate Skeleton  |       |       |       |     2 ||     2
  Use: Scroll            |       |     2 |     4 |     1 ||     7
       Potion            |       |     2 |       |     1 ||     3
 Stab: Sleeping          |       |       |     1 |       ||     1
  Eat: Chunk             |     3 |     9 |     9 |    16 ||    37
       Ration            |       |       |     3 |     2 ||     5
Armor: Leather armour    |     5 |     9 |     9 |    16 ||    39
       Skin              |       |    52 |       |       ||    52
       Troll leather arm |       |       |       |     4 ||     4
Dodge: Dodged            |     6 |    44 |   160 |   206 ||   416
